 Dungeon Crawl Stone Soup version 0.29-a0-231-g945431f764 (webtiles) character file.

Game seed: 7457017372385987271

17972 HuGe the Cleaver (level 12, -23/106 (113) HPs)
             Began as a Minotaur Berserker on Feb 28, 2022.
             Was a High Priest of Trog.
             Killed from afar by an orc sorcerer (39 damage)
             ... with a bolt of negative energy
             ... on level 2 of the Orcish Mines.
             The game lasted 00:34:44 (17809 turns).

HuGe the Cleaver (Minotaur Berserker)              Turns: 17809, Time: 00:34:45

HP:   -23/106 (113) AC: 11    Str: 23    XL:     12   Next: 23%
MP:   0/11          EV: 20    Int:  4    God:    Trog [*****.]
Gold: 987           SH:  0    Dex: 14    Spells: 11/11 levels left

rFire   . . .      SeeInvis .   K - +2 war axe (venom)
rCold   . . .      Faith    .   (no shield)
rNeg    . . .      Spirit   +   a - +0 troll leather armour
rPois   .          Reflect  .   J - +2 hat {Will+}
rElec   .          Harm     .   (no cloak)
rCorr   .          Rampage  .   o - +0 pair of gloves
Will    +++..                   C - +0 pair of boots
Stlth   ++........              g - amulet of guardian spirit
HPRegen 2.07/turn               N - +4 ring of evasion
MPRegen 0.12/turn               (no ring)

@: strong-willed, on berserk cooldown, regenerating, slowed, drained, very slow
A: horns 2, retaliatory headbutt, hooves 1
a: Renounce Religion, Berserk, Trog's Hand, Brothers in Arms


You were on level 2 of the Orcish Mines.
You worshipped Trog.
Trog was extremely pleased with you.
You visited 2 branches of the dungeon, and saw 12 of its levels.

You collected 1077 gold pieces.
You spent 90 gold pieces at shops.

Inventory:

Hand Weapons
 t - a +1 whip of flaming
 F - a +2 vorpal spear
 K - a +2 war axe of venom (weapon)
 M - a +0 vorpal shortbow
Missiles
 c - 3 curare-tipped darts
 f - 2 throwing nets (quivered)
 h - 2 boomerangs
 I - 3 boomerangs of dispersal
Armour
 a - a +0 troll leather armour (worn)
 o - a +0 pair of gloves (worn)
 v - a +1 leather armour of poison resistance
 x - a +0 chain mail
 B - a +2 ring mail of willpower
 C - a +0 pair of boots (worn)
 J - a +2 hat of willpower (worn)
Jewellery
 g - an amulet of guardian spirit (around neck)
 N - a +4 ring of evasion (left hand)
Wands
 p - a wand of iceblast (8)
 D - a wand of polymorph (4)
 G - a wand of flame (16)
 L - a wand of acid (2)
Scrolls
 b - a scroll of blinking
 k - 6 scrolls of teleportation
 m - a scroll of brand weapon
 n - a scroll of summoning
 r - 8 scrolls of immolation
 y - 3 scrolls of torment
 z - a scroll of fog
 E - 3 scrolls of noise
 O - a scroll of magic mapping
Potions
 d - a potion of cancellation {unknown}
 e - a potion of brilliance {unknown}
 j - 2 potions of flight {unknown}
 l - a potion of attraction {unknown}
 q - a potion of invisibility
 s - 2 potions of lignification {unknown}
 w - 2 potions of degeneration {unknown}
 H - 2 potions of curing {unknown}


   Skills:
 + Level 12.8 Fighting
 - Level 13.9(14.0) Axes
 + Level 1.5(9.1) Polearms
 + Level 11.2 Armour
 + Level 9.7 Dodging
 + Level 3.7 Stealth


You had 11 spell levels left.
You didn't know any spells.
Your spell library was empty.

Dungeon Overview and Level Annotations

Branches:
Dungeon (10/15)            Temple (0/1) D:6            Lair (0/6) D:10
    Orc (2/2) D:10            Elf (0/3) Orc:2

Altars:
Dithmenos
Hepliaklqana
The Shining One
Beogh

Shops:
D:6 (!?[   D:8 (   Orc:2 (


Innate Abilities, Weirdness & Mutations

You have a pair of horns on your head.
You reflexively headbutt those who attack you in melee.
You have large cloven feet.


Message History

Things that are here:
a +0 dagger; a +0 robe; an orc corpse You hit the orc warrior but do no damage.
The orc warrior is heavily wounded.
The orc warrior no longer looks unusually strong.
The orc wizard no longer looks unusually strong.
An orc warrior comes into view. It is wielding a +0 mace.
The orc wizard casts a spell.
The orc wizard flickers and vanishes!
Deactivating autopickup; reactivate with Ctrl-A.
The orc warrior closely misses you. You furiously retaliate!
You headbutt the orc warrior!
You kill the orc warrior!
Trog accepts your kill.
The orc warrior jeers to no one in particular.
An orc sorcerer comes into view.
It is wielding a +0 dagger and wearing a +2 robe of positive energy.
The orc warrior moves out of view.
Items here: ))))) [[[ †††.
Your skin crawls.
You feel strong-willed.
You slash the orc warrior!
The orc warrior is poisoned.
You headbutt the orc warrior.
The orc warrior is heavily wounded.
The orc warrior misses you. You furiously retaliate!
You headbutt the orc warrior.
The orc sorcerer gestures wildly while chanting.
You hear a shout!
You slash the orc warrior!
You kill the orc warrior!
Trog accepts your kill.
You barely miss something.
You hear a shout!
Something barely misses you. Something hits you.
* * * LOW HITPOINT WARNING * * *
You feel drained.
* * * LOW HITPOINT WARNING * * *
Your life force feels restored.
The orc sorcerer points at you and mumbles some strange words.
The bolt of negative energy hits you!!!
You feel drained.
You die...

#.###
##.......................^.
###
#...#..............._......
#........................##
##.###########..........##
######.###### #...........#
#...........###
#..........##
...####.####...##
###...#...##
#.######..######.###.##
#.#...###@.##......###
#.#.....##.##.......#
#.#o..o..#o##...##.## ...
#..))###..#### ... ##..##
#...# #..# ##.## ....# ###
.##..# # ..##


You could see an orc sorcerer.

Vanquished Creatures
  Gastronok (D:8)
  Erolcha (Orc:2)
  3 two-headed ogres (D:10)
  An orc high priest (Orc:1)
  Pikel (D:4)
  2 orc sorcerers
  3 orc knights
  A gargoyle (D:10)
  4 trolls
  Grinder (D:6)
  3 wyverns
  21 yaks
  4 steam dragons
  A basilisk (D:10)
  Menkaure (D:6)
  6 wargs
  Duvessa (D:6)
  3 water moccasins
  13 orc warriors
  An ice beast (D:6)
  3 black bears
  A sky beast (D:6)
  3 ogres
  3 wolves (D:10)
  6 centaurs
  A phantom (D:4)
  3 scorpions
  6 bullfrogs
  A necrophage (D:5)
  A water moccasin zombie (D:4)
  Dowan (D:6)
  6 killer bees (D:9)
  2 howler monkeys
  4 hounds
  9 orc priests
  A centaur skeleton (D:4)
  2 iguanas
  A scorpion zombie (D:4)
  13 orc wizards
  2 hound skeletons (D:4)
  13 gnolls
  13 adders
  3 shadow imps
  An ufetubus (D:4)
  An adder zombie (D:4)
  44 orcs
  7 ball pythons
  6 bats
  6 endoplasms
  2 giant cockroaches (D:2)
  8 goblins
  6 hobgoblins
  8 kobolds
  4 frilled lizards
  3 rats (D:2)
  A spectral goblin (D:4)
267 creatures vanquished.

Vanquished Creatures (others)
  An orc wizard (D:9)
  A fungus (D:10)
  12 plants (D:10)
14 creatures vanquished.

Grand Total: 281 creatures vanquished

Notes
Turn   | Place    | Note
-------+----------+-------------------------------------------
     0 | D:1      | HuGe the Minotaur Berserker began the quest for the Orb.
     0 | D:1      | Reached XP level 1. HP: 19/19 MP: 0/0
   273 | D:1      | Reached skill level 4 in Axes
   358 | D:1      | Reached XP level 2. HP: 26/27 MP: 1/1
   778 | D:1      | Found a faded altar of an unknown god.
   778 | D:1      | Noticed a great orb of eyes
   783 | D:1      | Noticed a floating eye
   789 | D:1      | Noticed a golden eye
   795 | D:1      | Noticed a shining eye
  1017 | D:2      | Reached XP level 3. HP: 26/32 MP: 2/2
  1101 | D:2      | Reached ** piety under Trog
  1929 | D:3      | Reached XP level 4. HP: 40/41 MP: 3/3
  2317 | D:3      | Reached skill level 5 in Axes
  2695 | D:3      | Reached XP level 5. HP: 18/47 MP: 2/4
  2981 | D:3      | Reached skill level 5 in Fighting
  2983 | D:3      | Noticed an ogre
  2988 | D:3      | Killed an ogre
  3097 | D:3      | You fall into a shaft and drop 3 floors!
  3100 | D:6      | Noticed Grinder
  3113 | D:6      | Paralysed by Grinder for 2 turns
  3118 | D:6      | Paralysed by Grinder for 3 turns
  3124 | D:5      | Entered Level 5 of the Dungeon
  3137 | D:5      | Reached XP level 6. HP: 14/56 MP: 2/5
  3510 | D:4      | Reached skill level 6 in Axes
  3510 | D:4      | Reached skill level 5 in Armour
  3754 | D:4      | Reached XP level 7. HP: 62/62 MP: 3/6
  3759 | D:4      | Reached *** piety under Trog
  3884 | D:4      | Reached skill level 7 in Axes
  4145 | D:4      | Noticed a steam dragon
  4153 | D:4      | Killed a steam dragon
  4291 | D:4      | Noticed Pikel
  4309 | D:4      | Killed Pikel
  4310 | D:4      | Reached skill level 8 in Axes
  4310 | D:4      | Reached XP level 8. HP: 43/71 MP: 3/7
  4962 | D:4      | Found a hazy altar of Hepliaklqana.
  5978 | D:6      | Paralysed by Grinder for 6 turns
  5984 | D:6      | Killed Grinder
  5985 | D:6      | Reached skill level 9 in Axes
  5985 | D:6      | Reached skill level 1 in Stealth
  6155 | D:6      | Found Doulul's Antique Weapon Emporium.
  6265 | D:6      | Found a staircase to the Ecumenical Temple.
  6274 | D:6      | Found Lyczov's Antique Weapon Boutique.
  6529 | D:6      | Noticed Menkaure
  6539 | D:6      | Killed Menkaure
  6540 | D:6      | Reached XP level 9. HP: 55/79 MP: 4/8
  7005 | D:6      | Reached skill level 5 in Dodging
  7063 | D:6      | Found Gasterha's Distillery.
  7066 | D:6      | Noticed Dowan
  7076 | D:6      | Noticed Duvessa
  7080 | D:6      | Killed Dowan
  7093 | D:6      | Killed Duvessa
  7094 | D:6      | Reached skill level 10 in Axes
  7094 | D:6      | Found Mioni's Magic Scroll Shoppe.
  7565 | D:6      | Found Notic's Antique Armour Emporium.
  7575 | D:6      | Bought a scroll of enchant weapon for 90 gold pieces
  8284 | D:6      | Found a glowing golden altar of the Shining One.
 10981 | D:8      | Noticed Gastronok
 10982 | D:8      | Found Qapuz's Antique Weapon Shop.
 11007 | D:8      | Killed Gastronok
 11008 | D:8      | Reached skill level 11 in Axes
 11008 | D:8      | Reached skill level 1 in Polearms
 11008 | D:8      | Reached XP level 10. HP: 51/90 MP: 3/9
 12589 | D:9      | Reached skill level 12 in Axes
 13295 | D:10     | Entered Level 10 of the Dungeon
 13303 | D:10     | Reached **** piety under Trog
 13353 | D:10     | Noticed a two-headed ogre
 13525 | D:10     | Killed a two-headed ogre
 13526 | D:10     | Reached skill level 10 in Fighting
 13526 | D:10     | Reached XP level 11. HP: 99/99 MP: 8/10
 13576 | D:10     | Found a staircase to the Orcish Mines.
 13663 | D:10     | Reached skill level 13 in Axes
 13682 | D:10     | Reached skill level 10 in Armour
 14403 | D:10     | Noticed a two-headed ogre
 14417 | D:10     | Killed a two-headed ogre
 14426 | D:10     | Noticed a two-headed ogre
 14441 | D:10     | Killed a two-headed ogre
 14451 | D:10     | Gained mutation: You have a pair of large horns on your
                  | head. [potion of mutation]
 14475 | D:10     | Lost mutation: You have a pair of large horns on your head.
                  | [potion of mutation]
 14475 | D:10     | Gained mutation: Your skin changes colour to match your
                  | surroundings (Stealth+). [potion of mutation]
 14475 | D:10     | Gained mutation: You occasionally shout uncontrollably at
                  | your foes. [potion of mutation]
 14544 | D:10     | Lost mutation: Your skin changes colour to match your
                  | surroundings (Stealth+). [potion of mutation]
 14544 | D:10     | Lost mutation: You occasionally shout uncontrollably at
                  | your foes. [potion of mutation]
 14544 | D:10     | Gained mutation: You do not regenerate when monsters are
                  | visible. [potion of mutation]
 14544 | D:10     | Gained mutation: Your muscles are strong. (Str +2) [potion
                  | of mutation]
 14715 | D:10     | Lost mutation: Your muscles are strong. (Str +2) [potion of
                  | mutation]
 14715 | D:10     | Lost mutation: You do not regenerate when monsters are
                  | visible. [potion of mutation]
 14715 | D:10     | Gained mutation: You have large cloven feet. [potion of
                  | mutation]
 14828 | D:10     | Found a staircase to the Lair.
 14942 | D:10     | Found a shadowy altar of Dithmenos.
 15516 | Orc:1    | Entered Level 1 of the Orcish Mines
 15837 | Orc:2    | Entered Level 2 of the Orcish Mines
 15837 | Orc:2    | Noticed an orc knight
 15837 | Orc:2    | Noticed an orc sorcerer
 15851 | Orc:1    | Killed an orc knight
 16062 | Orc:2    | Reached ***** piety under Trog
 16067 | Orc:2    | Noticed a sun demon
 16075 | Orc:1    | Killed an orc sorcerer
 16946 | Orc:2    | Found a staircase to the Elven Halls.
 17014 | Orc:2    | Noticed an orc sorcerer
 17035 | Orc:2    | Killed an orc sorcerer
 17055 | Orc:2    | Noticed an orc high priest
 17060 | Orc:2    | Noticed a soul eater
 17264 | Orc:2    | Noticed Erolcha
 17479 | Orc:1    | Killed an orc high priest
 17480 | Orc:1    | Reached XP level 12. HP: 100/112 MP: 8/11
 17506 | Orc:2    | Killed Erolcha
 17766 | Orc:2    | Found Lili's Antique Weapon Shoppe.
 17801 | Orc:2    | HP: 2/113 [orc warrior/+0 flail (14)]
 17809 | Orc:2    | Killed from afar by an orc sorcerer

Illustrated notes

Levels and vault maps discovered:
D:1:      lemuel_arrival_river_bridge, layout_basic, serial_glass,
          glass_columns_a, glass_columns_c,
          hellmonk_ecumenical_altar_watching_god
D:2:      layout_rooms
D:3:      layout_basic, serial_shops, shop, grunt_decor_junction,
          kennysheep_generic_room_7
D:4:      layout_loops_cross, nicolae_hepliaklqana_monster_ancestors,
          serial_undead, serial_undead_b, serial_undead_d, serial_undead_e,
          serial_undead_e, skrybe_limestone_x, small_statue_intersection,
          minmay_between, uniq_pikel
D:5:      layout_rooms
D:6:      layout_layer_cave, nicolae_tso_swordbearing_angel,
          minmay_temple_entry_junction, serial_shops, shop, shop_fountains,
          shop, shop_statue, shop, hangedman_decor_diamond_cutter, uniq_grinder,
          uniq_menkaure, uniq_duvessa
D:7:      layout_cave_pods
D:8:      layout_loops_ring, serial_shops, nicolae_stop_n_shop_2, uniq_gastronok
D:9:      layout_rooms
D:10:     layout_loops_ring, mainiacjoe_overflow_surrounded_room,
          minmay_lair_entry_grove, minmay_orc_entry_guard_dogs
Orc:1:    layout_diamond_mine
Orc:2:    st_orc_elflike, layout_caves, basic_altar, uniq_erolcha

Skill      XL: |  1  2  3  4  5  6  7  8  9 10 11 |
---------------+----------------------------------+-----
Axes           | 4 5 6 8 9 11 12 13 | 13.9
Fighting       | 4 5 6 7 8 10 12 | 12.8
Armour         | 3 4 5 6 7 9 11 | 11.2
Dodging        | 3 4 6 7 9 |  9.7
Stealth        | 1 2 3 |  3.7
Polearms       | 1 |  1.5

Action                   |  1- 3 |  4- 6 |  7- 9 | 10-12 || total
-------------------------+-------+-------+-------+-------++-------
Melee: Hand axe          |    81 |   104 |   218 |    47 ||   450
       Headbutt          |     8 |    14 |    42 |    91 ||   155
       Punch             |     1 |       |     2 |     5 ||     8
       Spear             |       |       |     7 |       ||     7
       War axe           |       |       |       |   308 ||   308
Throw: Throwing net      |       |       |       |     1 ||     1
Invok: Berserk           |     1 |     5 |    11 |    11 ||    28
       Trog's Hand       |       |       |       |     1 ||     1
  Use: Scroll            |     1 |     4 |     6 |     9 ||    20
       Potion            |       |       |       |     4 ||     4
Armor: Ring mail         |    45 |    32 |    53 |    59 ||   189
       Animal skin       |     1 |       |       |       ||     1
       Leather armour    |       |       |     9 |       ||     9
       Troll leather arm |       |       |       |    20 ||    20
Dodge: Dodged            |    50 |    73 |   146 |   272 ||   541

Table legend: (Time is in decaauts)
 A = Elapsed time spent in this place.
 B = Non-inter-level travel time spent in this place.
 C = Inter-level travel time spent in this place.
 D = Time resting spent in this place.
 E = Time spent auto-exploring this place.
 F = Levels seen in this place.
 G = Mean time per level.
                   A        B        C        D        E       F      G
               +--------+--------+--------+--------+--------+-----+--------+
         Total |  17973 |  17960 |     13 |   8297 |   6899 |  12 | 1497.8 |
       Dungeon |  15661 |  15651 |     10 |   6798 |   6578 |  10 | 1566.1 |
  Orcish Mines |   2312 |   2309 |      3 |   1499 |    321 |   2 | 1156.0 |
               +--------+--------+--------+--------+--------+-----+--------+

Top non-repeatable levels by time:
     D:8: 2134 daAuts
     D:7: 2062 daAuts
    D:10: 2060 daAuts
     D:6: 2052 daAuts
     D:5: 1754 daAuts
   Orc:1: 1682 daAuts
     D:4: 1547 daAuts
     D:3: 1195 daAuts
     D:1: 984 daAuts
     D:2: 956 daAuts
     D:9: 912 daAuts
   Orc:2: 629 daAuts
